 Dungeon Crawl Stone Soup version 0.27-a0-323-gbd089401bb (webtiles) character file.

Game seed: 18322809564563346737

9958 HendSelp the Blocker (level 11, 0/89 HPs)
             Began as a Gnoll Fighter on Feb 10, 2021.
             Was a Follower of Qazlal.
             Slain by a cyclops (17 damage)
             ... on level 12 of the Dungeon.
             The game lasted 00:22:05 (9050 turns).

HendSelp the Blocker (Gnoll Fighter)                Turns: 9050, Time: 00:22:05

Health: 0/89       AC: 23    Str: 19    XL:     11   Next: 54%
Magic:  20/20      EV:  8    Int:  8    God:    Qazlal [*.....]
Gold:   814        SH:  2    Dex: 11    Spells: 22/22 levels left

rFire    + . .     SeeInvis .   B - +0 battleaxe
rCold    . . .     Faith    .   (shield currently unavailable)
rNeg     . . .     Spirit   .   H - +0 plate armour
rPois    .         Reflect  .   (no helmet)
rElec    .         Harm     .   (no cloak)
rCorr    .         Rampage  .   n - +2 pair of gloves
Will     .....                  s - +0 pair of boots
Stlth    ..........             p - amulet of regeneration
HPRegen  0.64/turn              i - ring of protection from fire
MPRegen  0.17/turn              A - +4 ring of protection

@: no status effects
A: distributed training, fangs 1, strong nose
a: Renounce Religion


You were on level 12 of the Dungeon.
You worshipped Qazlal.
Qazlal was aware of your devotion.
You visited 2 branches of the dungeon, and saw 12 of its levels.

You collected 814 gold pieces.

Inventory:

Hand Weapons
 B - a +0 battleaxe (weapon)
Missiles
 g - 40 poisoned darts
 k - 18 boomerangs
 l - 4 curare-tipped darts (quivered)
 u - a throwing net
 F - 2 atropa-tipped darts
Armour
 c - a +0 kite shield
 n - a +2 pair of gloves (worn)
 s - a +0 pair of boots (worn)
 H - a +0 plate armour (worn)
Jewellery
 i - a ring of protection from fire (left hand)
 p - an amulet of regeneration (around neck)
 v - a ring of positive energy
 x - a ring of willpower
 A - a +4 ring of protection (right hand)
Wands
 a - a wand of flame (21)
 w - a wand of mindburst (12)
 D - a wand of digging (7)
 E - a wand of polymorph (8)
Scrolls
 b - 3 scrolls of fog
 d - 5 scrolls of amnesia
 h - 5 scrolls of teleportation
 o - a scroll of immolation
 y - 3 scrolls of torment
 I - a scroll of magic mapping
Potions
 f - 4 potions of brilliance
 j - 3 potions of flight
 q - a potion of haste
 r - a potion of cancellation
 t - a potion of lignification
 z - a potion of degeneration {unknown}
 C - a potion of mutation {unknown}
 G - a potion of resistance {unknown}


   Skills:
 + Level 9.2 Fighting
 + Level 6.4 Short Blades
 + Level 6.4 Long Blades
 + Level 8.0 Axes
 + Level 6.4 Maces & Flails
 + Level 6.4 Polearms
 + Level 6.4 Staves
 + Level 6.4 Slings
 + Level 6.4 Bows
 + Level 6.4 Crossbows
 + Level 6.4 Throwing
 + Level 9.2 Armour
 + Level 6.4 Dodging
 + Level 6.4 Stealth
 + Level 9.2 Shields
 + Level 6.4 Unarmed Combat
 + Level 6.4 Spellcasting
 + Level 5.3 Conjurations
 + Level 5.3 Hexes
 + Level 5.3 Summonings
 + Level 5.3 Necromancy
 + Level 5.3 Translocations
 + Level 5.3 Transmutations
 + Level 5.3 Fire Magic
 + Level 5.3 Ice Magic
 + Level 5.3 Air Magic
 + Level 5.3 Earth Magic
 + Level 5.3 Poison Magic
 + Level 7.0 Invocations
 + Level 6.4 Evocations


You had 22 spell levels left.
You didn't know any spells.
Your spell library contained the following spells:

 Spells                   Type           Power        Failure   Level
 Animate Skeleton         Necr           22%          45%         1
 Beastly Appendage        Tmut           22%          45%         1
 Magic Dart               Conj           44%          45%         1
 Pain                     Necr           44%          45%         1
 Sandblast                Erth           22%          45%         1
 Passwall                 Tmut/Erth      9%           61%         2
 Searing Ray              Conj           22%          61%         2
 Wereblood                Tmut           11%          61%         2
 Dazzling Flash           Conj/Hex       22%          83%         3
 Spider Form              Tmut/Pois      5%           83%         3
 Stone Arrow              Conj/Erth      22%          83%         3
 Vampiric Draining        Necr           5%           83%         3
 Animate Dead             Necr           5%           99%         4
 Fulminant Prism          Conj/Hex       5%           99%         4
 Ice Form                 Ice/Tmut       11%          99%         4
 Iskenderun's Mystic Bla  Conj/Tloc      11%          99%         4
 Petrify                  Tmut/Erth      11%          99%         4
 Agony                    Necr           11%          100%        5
 Blade Hands              Tmut           5%           100%        5
 Lee's Rapid Deconstruct  Erth           5%           100%        5


Dungeon Overview and Level Annotations

Branches:
Dungeon (12/15)            Temple (1/1) D:6            Lair (0/6) D:10
    Orc (0/2) D:10

Altars:
Ashenzari
Cheibriados
Dithmenos
Elyvilon
Fedhas
Gozag
Hepliaklqana
Kikubaaqudgha
Makhleb
Nemelex Xobeh
Okawaru
Qazlal
Ru
Sif Muna
Trog
Uskayaw
Vehumet
Wu Jian
Xom
Yredelemnul
Zin
The Shining One

Shops:
D:6 !   D:10 :


Innate Abilities, Weirdness & Mutations

Your experience applies equally to all skills.
You have very sharp teeth.
Your uncanny sense of smell can sniff out nearby items.


Message History

The cutting wind hits the two-headed ogre!!
The two-headed ogre is almost dead.
The cutting wind hits you!!
* * * LOW HITPOINT WARNING * * *
You can no longer call upon nature to destroy your foes.
Unknown command.
You closely miss the two-headed ogre.
The two-headed ogre is almost dead.
The two-headed ogre barely misses you. x2
You slash the two-headed ogre!
You kill the two-headed ogre!
Qazlal accepts your kill.
Your Axes skill increases to level 8!
Your Invocations skill increases to level 7!
Unknown command.
You start resting.
Magic restored.
A cyclops comes into view.
Okay, then.
The cyclops shouts!
The cyclops throws a large rock.
The large rock barely misses you.
The cyclops throws a large rock.
The large rock hits you!
Found a ring mail.
You barely miss the cyclops.
The cyclops hits you but does no damage.
You slash the cyclops! You bite the cyclops, but do no damage.
The cyclops is moderately wounded.
The cyclops hits you but does no damage.
You hit the cyclops.
The cyclops is moderately wounded.
The cyclops hits you!!
* * * LOW HITPOINT WARNING * * *
You hit the cyclops.
The cyclops is moderately wounded.
The cyclops hits you!
* * * LOW HITPOINT WARNING * * *
You slice the cyclops!!
The cyclops is severely wounded.
The cyclops hits you!
You die...

#.....###...
##..........(
#............
#.########...
##..###### #.
#...)....#
##..........
#........... ∆
#@.........#
.....[C###########
....... ......#
...... ......
..... .....


You could see a cyclops.

Vanquished Creatures
  A boulder beetle (D:12)
  4 two-headed ogres
  2 centaur zombies
  A troll (D:11)
  A wyvern (D:10)
  3 yaks (D:9)
  3 basilisks (D:10)
  2 steam dragons
  A water moccasin (D:9)
  An acid dragon (D:12)
  An orc warrior (D:10)
  2 ice beasts
  4 sky beasts
  2 ogres
  A necrophage (D:9)
  2 centaurs
  A phantom (Temple)
  A kobold brigand (D:7)
  4 bullfrogs
  3 scorpions
  12 killer bees
  21 wights
  4 howler monkeys
  2 bullfrog zombies
  2 quasits
  2 orc priests (D:6)
  A centaur skeleton (D:7)
  6 hounds
  3 jellies
  2 bullfrog skeletons
  A gnoll shaman (D:9)
  An iguana (D:6)
  11 orc wizards
  3 worker ants
  A worker ant zombie (D:10)
  14 adders
  7 gnolls
  A white imp (D:9)
  2 ufetubi
  2 oozes
  2 adder zombies
  2 worms
  4 dart slugs
  5 leopard geckos
  33 orcs
  8 bats
  3 giant cockroaches
  4 goblins
  5 hobgoblins
  4 jackals (D:2)
  10 quokkas
  2 ball pythons
  2 frilled lizards
  7 kobolds
  6 rats
235 creatures vanquished.

Vanquished Creatures (others)
  2 orc priests (D:9)
  An orc wizard (D:9)
  An adder (D:9)
  2 orcs
6 creatures vanquished.

Grand Total: 241 creatures vanquished

Notes
Turn   | Place    | Note
-------+----------+-------------------------------------------
     0 | D:1      | HendSelp the Gnoll Fighter began the quest for the Orb.
     0 | D:1      | Reached XP level 1. HP: 23/23 MP: 1/1
   234 | D:1      | Reached XP level 2. HP: 29/29 MP: 2/2
   670 | D:2      | Reached XP level 3. HP: 35/35 MP: 3/3
   781 | D:2      | Reached skill level 1 in Invocations
   845 | D:2      | Reached skill level 1 in Short Blades
   845 | D:2      | Reached skill level 1 in Long Blades
   845 | D:2      | Reached skill level 1 in Maces & Flails
   845 | D:2      | Reached skill level 1 in Polearms
   845 | D:2      | Reached skill level 1 in Staves
   845 | D:2      | Reached skill level 1 in Slings
   845 | D:2      | Reached skill level 1 in Bows
   845 | D:2      | Reached skill level 1 in Crossbows
   845 | D:2      | Reached skill level 1 in Throwing
   845 | D:2      | Reached skill level 1 in Dodging
   845 | D:2      | Reached skill level 1 in Stealth
   845 | D:2      | Reached skill level 1 in Unarmed Combat
   845 | D:2      | Reached skill level 1 in Spellcasting
   845 | D:2      | Reached skill level 1 in Evocations
   853 | D:2      | Reached XP level 4. HP: 26/41 MP: 5/5
  1128 | D:2      | Reached skill level 1 in Conjurations
  1128 | D:2      | Reached skill level 1 in Hexes
  1128 | D:2      | Reached skill level 1 in Summonings
  1128 | D:2      | Reached skill level 1 in Necromancy
  1128 | D:2      | Reached skill level 1 in Translocations
  1128 | D:2      | Reached skill level 1 in Transmutations
  1128 | D:2      | Reached skill level 1 in Fire Magic
  1128 | D:2      | Reached skill level 1 in Ice Magic
  1128 | D:2      | Reached skill level 1 in Air Magic
  1128 | D:2      | Reached skill level 1 in Earth Magic
  1128 | D:2      | Reached skill level 1 in Poison Magic
  1384 | D:3      | Reached XP level 5. HP: 47/47 MP: 6/6
  1742 | D:4      | Identified the +2 robe of Asoman {rPois Dex+5}
  1930 | D:4      | Reached XP level 6. HP: 26/53 MP: 8/8
  2296 | D:4      | You fall into a shaft and drop 3 floors!
  2346 | D:7      | Reached skill level 5 in Axes
  2485 | D:7      | Reached XP level 7. HP: 60/60 MP: 10/10
  2711 | D:6      | Noticed a steam dragon
  2736 | D:6      | Killed a steam dragon
  2817 | D:6      | Reached XP level 8. HP: 60/67 MP: 12/12
  2903 | D:6      | Found a staircase to the Ecumenical Temple.
  2947 | Temple   | Entered the Ecumenical Temple
  3109 | Temple   | Became a worshipper of Qazlal Stormbringer
  3413 | D:6      | Found Piyn Aso's Distillery.
  4348 | D:8      | Reached XP level 9. HP: 54/72 MP: 14/14
  5052 | D:8      | HP: 2/74 [killer bee (6)]
  5561 | D:9      | Reached * piety under Qazlal
  5592 | D:9      | Found a snail-covered altar of Cheibriados.
  5618 | D:9      | Noticed a two-headed ogre
  5628 | D:9      | Killed a two-headed ogre
  5629 | D:9      | Reached skill level 5 in Invocations
  5790 | D:9      | Reached XP level 10. HP: 28/80 MP: 17/17
  5970 | D:9      | Reached skill level 5 in Short Blades
  5970 | D:9      | Reached skill level 5 in Long Blades
  5970 | D:9      | Reached skill level 5 in Maces & Flails
  5970 | D:9      | Reached skill level 5 in Polearms
  5970 | D:9      | Reached skill level 5 in Staves
  5970 | D:9      | Reached skill level 5 in Slings
  5970 | D:9      | Reached skill level 5 in Bows
  5970 | D:9      | Reached skill level 5 in Crossbows
  5970 | D:9      | Reached skill level 5 in Throwing
  5970 | D:9      | Reached skill level 5 in Dodging
  5970 | D:9      | Reached skill level 5 in Stealth
  5970 | D:9      | Reached skill level 5 in Unarmed Combat
  5970 | D:9      | Reached skill level 5 in Spellcasting
  5970 | D:9      | Reached skill level 5 in Evocations
  6332 | D:10     | Entered Level 10 of the Dungeon
  6464 | D:10     | Reached ** piety under Qazlal
  6713 | D:10     | Found a staircase to the Lair.
  6923 | D:10     | Noticed a two-headed ogre
  6932 | D:10     | Killed a two-headed ogre
  7150 | D:10     | Found Sidoku's Book Shop.
  7163 | D:10     | Found a staircase to the Orcish Mines.
  7247 | D:10     | Reached XP level 11. HP: 12/87 MP: 19/19
  8073 | D:11     | Noticed a two-headed ogre
  8082 | D:11     | Killed a two-headed ogre
  8083 | D:11     | Reached skill level 5 in Conjurations
  8083 | D:11     | Reached skill level 5 in Hexes
  8083 | D:11     | Reached skill level 5 in Summonings
  8083 | D:11     | Reached skill level 5 in Necromancy
  8083 | D:11     | Reached skill level 5 in Translocations
  8083 | D:11     | Reached skill level 5 in Transmutations
  8083 | D:11     | Reached skill level 5 in Fire Magic
  8083 | D:11     | Reached skill level 5 in Ice Magic
  8083 | D:11     | Reached skill level 5 in Air Magic
  8083 | D:11     | Reached skill level 5 in Earth Magic
  8083 | D:11     | Reached skill level 5 in Poison Magic
  8753 | D:12     | Noticed a boulder beetle
  8821 | D:12     | Killed a boulder beetle
  8975 | D:12     | Noticed a two-headed ogre
  8985 | D:12     | Killed a two-headed ogre
  9040 | D:12     | Noticed a cyclops
  9050 | D:12     | Slain by a cyclops

Illustrated notes

Levels and vault maps discovered:
D:1:      sevenhm_arrival_forest_fort_large_1, layout_basic, serial_park_tiny_1
D:2:      layout_rooms
D:3:      layout_rooms
D:4:      layout_layer_cave, uniq_menkaure
D:6:      layout_gridville, minmay_temple_entry_statues_fountains, serial_shops,
          shop
D:7:      layout_loops_ring, st_stairs_13
D:8:      layout_basic
D:9:      layout_roguey, nicolae_overflow_crystal_walls, lemuel_flamethrower_2
D:10:     layout_long_grid, erik_lair_dragon, hiddenorc1_lemuel, serial_shops,
          shop
D:11:     layout_irregular_city
D:12:     layout_cave_pods, minmay_misc_feat_roman,
          nicolae_tso_swordbearing_angel
Temple:   nicolae_temple_the_god_donut

Skill      XL: |  1  2  3  4  5  6  7  8  9 10 11 |
---------------+----------------------------------+-----
Invocations    | 1 2 3 4 5 6 7 |  7.0
Short Blades   | 1 2 3 4 5 6 |  6.4
Long Blades    | 1 2 3 4 5 6 |  6.4
Maces & Flails | 1 2 3 4 5 6 |  6.4
Polearms       | 1 2 3 4 5 6 |  6.4
Staves         | 1 2 3 4 5 6 |  6.4
Slings         | 1 2 3 4 5 6 |  6.4
Bows           | 1 2 3 4 5 6 |  6.4
Crossbows      | 1 2 3 4 5 6 |  6.4
Throwing       | 1 2 3 4 5 6 |  6.4
Dodging        | 1 2 3 4 5 6 |  6.4
Stealth        | 1 2 3 4 5 6 |  6.4
Unarmed Combat | 1 2 3 4 5 6 |  6.4
Spellcasting   | 1 2 3 4 5 6 |  6.4
Evocations     | 1 2 3 4 5 6 |  6.4
Conjurations   | 1 2 3 4 5 |  5.3
Hexes          | 1 2 3 4 5 |  5.3
Summonings     | 1 2 3 4 5 |  5.3
Necromancy     | 1 2 3 4 5 |  5.3
Translocations | 1 2 3 4 5 |  5.3
Transmutations | 1 2 3 4 5 |  5.3
Fire Magic     | 1 2 3 4 5 |  5.3
Ice Magic      | 1 2 3 4 5 |  5.3
Air Magic      | 1 2 3 4 5 |  5.3
Earth Magic    | 1 2 3 4 5 |  5.3
Poison Magic   | 1 2 3 4 5 |  5.3
Axes           | 5 6 7 8 |  8.0
Fighting       | 7 8 9 |  9.2
Armour         | 7 8 9 |  9.2
Shields        | 7 8 9 |  9.2

Action                   |  1- 3 |  4- 6 |  7- 9 | 10-12 || total
-------------------------+-------+-------+-------+-------++-------
Melee: War axe           |    71 |   166 |   370 |    82 ||   689
       Bite              |     5 |     7 |    48 |    49 ||   109
       Battleaxe         |       |       |       |   308 ||   308
Throw: Throwing net      |       |       |       |     2 ||     2
       Dart              |       |       |       |     2 ||     2
Invok: Upheaval          |       |       |       |     1 ||     1
Evoke: Wand              |       |       |     5 |       ||     5
  Use: Scroll            |     1 |     4 |     6 |    15 ||    26
       Potion            |       |       |     3 |     7 ||    10
Armor: Scale mail        |     4 |       |       |       ||     4
       Chain mail        |    47 |   113 |   279 |   250 ||   689
       Plate armour      |       |       |       |    31 ||    31
Dodge: Dodged            |    22 |    50 |   127 |   221 ||   420
Block: Kite shield       |    51 |   104 |   262 |    57 ||   474
       Other             |       |       |       |    38 ||    38

Table legend: (Time is in decaauts)
 A = Elapsed time spent in this place.
 B = Non-inter-level travel time spent in this place.
 C = Inter-level travel time spent in this place.
 D = Time resting spent in this place.
 E = Time spent auto-exploring this place.
 F = Levels seen in this place.
 G = Mean time per level.
                   A        B        C        D        E       F      G
               +--------+--------+--------+--------+--------+-----+--------+
         Total |   9398 |   8974 |    424 |    526 |   5842 |  12 |  783.2 |
       Dungeon |   9029 |   8620 |    409 |    526 |   5654 |  11 |  820.8 |
        Temple |    369 |    354 |     15 |      0 |    188 |   1 |  369.0 |
               +--------+--------+--------+--------+--------+-----+--------+

Top non-repeatable levels by time:
     D:8: 1624 daAuts
    D:10: 1570 daAuts
     D:9: 820 daAuts
     D:6: 812 daAuts
     D:2: 711 daAuts
     D:7: 685 daAuts
     D:1: 679 daAuts
    D:11: 648 daAuts
     D:4: 583 daAuts
    D:12: 482 daAuts
     D:3: 412 daAuts
  Temple: 369 daAuts
